 Dungeon Crawl Stone Soup version 0.32-a0-898-g7811c86cf0 (webtiles) character file.

Game seed: 7993381777108056464

10247 Iich the Cleaver (level 11, -40/99 HPs)
             Began as a Demonspawn Fighter on Apr 4, 2024.
             Was an Initiate of Gozag.
             Killed from afar by Frances (51 damage)
             ... with an iron shot
             ... on level 12 of the Dungeon on Apr 5, 2024.
             The game lasted 00:17:44 (9629 turns).

Iich the Cleaver (Demonspawn Fighter)               Turns: 9629, Time: 00:17:45

Health: -40/99     AC: 16    Str: 22    XL:     11   Next: 33%
Magic:  11/11      EV:  8    Int:  8    God:    Gozag
Gold:   196        SH: 10    Dex: 12    Spells: 10/10 levels left

rFire   . . .        a - +0 war axe (vamp)
rCold   . . .        c - +0 buckler
rNeg    . . .        H - +0 plate armour
rPois   .            (no helmet)
rElec   .            (no cloak)
rCorr   .            (no gloves)
SInv    .            (no boots)
Will    .....        r - amulet of reflection Stlth
                     (no ring)
HPRegen 0.36/turn    (no ring)
MPRegen 0.12/turn

%: reflection, clarity
@: no status effects
A: molten scales 2, foul stench 2, demonic magic 1, clarity, robust 1
a: Renounce Religion, Potion Petition, Call Merchant, Bribe Branch


You were on level 12 of the Dungeon.
You worshipped Gozag.
Gozag was aware of your devotion.
You visited 1 branch of the dungeon, and saw 12 of its levels.

You collected 1355 gold pieces.
You spent 55 gold pieces at shops.
You paid 1104 gold pieces to Gozag.

Inventory:

Hand Weapons
 a - a +0 vampiric war axe (weapon)
 u - a +4 war axe
Armour
 b - a +0 scale mail
 c - a +0 buckler (worn)
 H - a +0 plate armour (worn)
Jewellery
 g - an amulet of regeneration
 n - an amulet of magic regeneration
 r - an amulet of reflection (around neck)
Wands
 v - a wand of paralysis (11)
 w - a wand of iceblast (9)
 x - a wand of quicksilver (14)
 D - a wand of digging (3)
 G - a wand of flame (8)
Scrolls
 e - a scroll of fog
 h - 2 scrolls of silence
 i - a scroll of vulnerability {unknown}
 m - a scroll of revelation
 o - a scroll of brand weapon
 p - a scroll of butterflies
 t - 6 scrolls of teleportation
 y - a scroll of noise
 A - a scroll of amnesia
 B - 3 scrolls of blinking
 C - 2 scrolls of immolation
 E - a scroll of torment
 F - a scroll of enchant armour
 J - a scroll of poison {unknown}
Potions
 d - 2 potions of might
 f - 3 potions of enlightenment
 k - a potion of degeneration
 l - 3 potions of heal wounds
 q - 2 potions of curing
 s - 3 potions of attraction
 z - a potion of lignification
 I - a potion of invisibility
 K - a potion of brilliance {unknown}
 L - a potion of ambrosia {unknown}


   Skills:
 + Level 9.8 Fighting
 * Level 11.0 Axes
 - Level 6.7 Armour
 + Level 8.3 Dodging
 - Level 3.4 Stealth
 - Level 5.7 Shields


You had 10 spell levels left.
You didn't know any spells.
Your spell library contained the following spells:

 Spells                   Type           Power      Damage    Failure   Level
 Stone Arrow              Conj/Erth      0%         3d7       100%        3
 Volatile Blastmotes      Fire/Tloc      0%         2d10      100%        3
 Animate Armour           Summ/Erth      0%         N/A       100%        4
 Fulminant Prism          Conj/Alch      0%         3d5       100%        4
 Iskenderun's Mystic Bla Conj/Tloc 0%             2d3        (+2d1     100%        4
 Lehudib's Crystal Spear  Conj/Erth      0%         10d2      100%        8


Dungeon Overview and Level Annotations

Branches:
Dungeon (12/15)            Temple (0/1) D:6            Lair (0/5) D:10
    Orc (0/2) D:11

Altars:
Cheibriados
Dithmenos
Gozag
Hepliaklqana
Kikubaaqudgha
Okawaru
Ru
Sif Muna
Uskayaw
Vehumet
Wu Jian
Xom
Yredelemnul

Shops:
D:6 [   D:9 *

Annotations:
D:12 Frances


Innate Abilities, Weirdness & Mutations

You are mostly covered in molten scales. (AC +3)
You sometimes emit foul miasma when damaged in melee.
Spells you cast may paralyse adjacent enemies.
You possess an exceptional clarity of mind.
You are robust. (+10% HP)


Message History

Frances chants phrases taken from a devil's mouth.
The shard of ice hits you!!
* * * LOW HITPOINT WARNING * * *
The orange demon barely misses you.
You take 19 damage, and have 52/99 hp.
You slash Frances!
You feel better.
Frances is heavily wounded.
Frances misses you. You block the orange demon's attack.
Unknown command.
You regained 4 hp, and now have 56/99 hp.
Unknown command.
You hit Frances.
You feel better.
Frances is severely wounded.
Frances whispers indecipherable words.
Frances seems to speed up.
You block the orange demon's attack.
You closely miss Frances.
Frances is severely wounded.
You block Frances's attack.
The orange demon stings you but does no damage.
Unknown command.
You slash Frances!
Frances is severely wounded.
Frances hits you with a +0 war axe!
* * * LOW HITPOINT WARNING * * *
Frances chants phrases taken from a devil's mouth.
The iron shot hits you!!!
* * * LOW HITPOINT WARNING * * *
The orange demon stings you but does no damage.
You take 55 damage, and have 2/99 hp. !!!!--MASSIVE DAMAGE--!!!!
You slash Frances!
You feel better.
Frances is severely wounded.
Frances chants phrases taken from a devil's mouth.
You block the shard of ice... and reflect it back!
The shard of ice hits Frances!!
The orange demon stings you but does no damage.
Frances chants phrases taken from a devil's mouth.
The iron shot hits you!!!
Ouch! That really hurt!
You die...
Your body crumbles into a pile of gold.

#######################
.........44@@.<.......
#........####........
#...###..# #........
#........# #........
#........# #........
#...ยง....# #........
#..@$....# #.(......
#........# #........
#........#


You could see Frances (fast), an orange demon (summoned) and a rust devil
(summoned).

Vanquished Creatures
  Pikel (D:7)
  A deep elf pyromancer (D:11)
  A gargoyle (D:10)
  A kobold demonologist (D:10)
  An unseen horror (D:10)
  2 trolls
  5 yaks (D:9)
  2 shadows
  6 wraiths
  2 wyverns
  A vampire (D:9)
  3 water moccasins
  An acid dragon (D:9)
  2 sky beasts
  5 orc warriors
  2 ice beasts
  2 black bears
  An ogre (D:7)
  2 centaurs
  2 wolves (D:10)
  4 phantoms
  A lemure (D:7)
  4 bullfrogs
  3 scorpions
  A burial acolyte (D:5)
  7 wights
  13 killer bees
  3 howler monkeys
  2 bombardier beetles
  6 hounds
  6 orc priests
  4 iguanas
  A sleepcap (D:7)
  13 orc wizards
  7 adders
  5 shadow imps
  A white imp (D:8)
  2 ufetubi (D:6)
  3 adder zombies (D:5)
  2 ribbon worms (D:2)
  7 dart slugs
  33 orcs
  4 endoplasms
  3 giant cockroaches
  8 goblins
  5 hobgoblins
  10 jackals
  4 kobolds
  3 quokkas
  7 ball pythons
  5 bats
  2 frilled lizards
  2 gnoll zombies (D:5)
  2 kobold zombies (D:5)
  4 rats
230 creatures vanquished.

Vanquished Creatures (others)
  An orc wizard (D:3)
1 creature vanquished.

Grand Total: 231 creatures vanquished

Notes
Turn   | Place    | Note
-------+----------+-------------------------------------------
     0 | D:1      | Iich the Demonspawn Fighter began the quest for the Orb.
     0 | D:1      | Reached XP level 1. HP: 18/18 MP: 1/1
   145 | D:1      | Reached skill level 2 in Axes
   255 | D:1      | Gained mutation: Spells you cast may paralyse adjacent
                  | enemies. [demonic ancestry]
   255 | D:1      | Reached XP level 2. HP: 24/24 MP: 2/2
   546 | D:1      | Found a faded altar of an unknown god.
   697 | D:2      | Reached skill level 1 in Dodging
   697 | D:2      | Reached XP level 3. HP: 29/29 MP: 3/3
  1191 | D:2      | Reached skill level 3 in Axes
  1459 | D:3      | Gained mutation: You have sharp toenails. [potion of
                  | mutation]
  1498 | D:3      | Reached XP level 4. HP: 35/35 MP: 4/4
  1706 | D:3      | Identified the +1 robe "Urail" {Will++}
  1725 | D:3      | Found a snail-covered altar of Cheibriados.
  1975 | D:3      | Gained mutation: You may rarely emit foul miasma when
                  | damaged in melee. [demonic ancestry]
  1975 | D:3      | Reached XP level 5. HP: 42/42 MP: 5/5
  2392 | D:4      | Noticed a phantom
  2407 | D:4      | Killed a phantom
  2408 | D:4      | Reached skill level 4 in Axes
  2408 | D:4      | Gained mutation: You are partially covered in molten
                  | scales. (AC +2) [demonic ancestry]
  2408 | D:4      | Reached XP level 6. HP: 40/48 MP: 6/6
  2511 | D:4      | Reached skill level 6 in Axes
  2511 | D:4      | Reached skill level 5 in Armour
  2511 | D:4      | Reached skill level 5 in Dodging
  2511 | D:4      | Reached skill level 5 in Shields
  2511 | D:4      | Gained mutation: You sometimes emit foul miasma when
                  | damaged in melee. [demonic ancestry]
  2511 | D:4      | Reached XP level 7. HP: 60/60 MP: 7/7
  2513 | D:4      | Reached skill level 8 in Axes
  2513 | D:4      | Reached XP level 8. HP: 68/68 MP: 8/8
  2804 | D:5      | Entered Level 5 of the Dungeon
  3128 | D:5      | Reached XP level 9. HP: 62/71 MP: 9/9
  3259 | D:5      | Found an ancient bone altar of Kikubaaqudgha.
  3889 | D:6      | Found Qeguum's Armour Shop.
  3932 | D:6      | Found an opulent altar of Gozag.
  3984 | D:6      | Reached skill level 9 in Axes
  4032 | D:6      | Became a worshipper of Gozag Ym Sagoz the Greedy
  4237 | D:6      | Found a shimmering altar of Xom.
  4421 | D:6      | Found a hazy altar of Hepliaklqana.
  4549 | D:6      | Found a staircase to the Ecumenical Temple.
  4644 | D:6      | Found a hide-covered altar of Uskayaw.
  4772 | D:7      | Found an ornate altar of the Wu Jian Council.
  4854 | D:7      | Noticed Pikel
  4871 | D:7      | Killed Pikel
  5224 | D:7      | Gained mutation: You are mostly covered in molten scales.
                  | (AC +3) [demonic ancestry]
  5224 | D:7      | Reached XP level 10. HP: 68/82 MP: 10/10
  5679 | D:8      | Found a sacrificial altar of Ru.
  5930 | D:8      | Found a shimmering blue altar of Sif Muna.
  5930 | D:8      | Found an iron altar of Okawaru.
  5930 | D:8      | Found a basalt altar of Yredelemnul.
  5930 | D:8      | Found a shadowy altar of Dithmenos.
  6736 | D:9      | Reached skill level 10 in Axes
  6929 | D:9      | Found Parefoiq's General Store.
  7301 | D:9      | Bought a scroll of identify for 22 gold pieces
  7301 | D:9      | Bought a scroll of teleportation for 33 gold pieces
  7338 | D:10     | Entered Level 10 of the Dungeon
  7343 | D:10     | Found a staircase to the Lair.
  7804 | D:10     | Gained mutation: You are clumsy. (Dex -2) [a neqoxec]
  7815 | D:10     | Reached XP level 11. HP: 33/89 MP: 7/11
  8030 | D:10     | Found a radiant altar of Vehumet.
  8642 | D:11     | Identified the +1 robe of the Armoured One {*Slow rN+
                  | Archmagi}
  8695 | D:11     | Found a staircase to the Orcish Mines.
  9016 | D:11     | Lost mutation: You are clumsy. (Dex -2) [potion of
                  | mutation]
  9016 | D:11     | Lost mutation: You have sharp toenails. [potion of
                  | mutation]
  9016 | D:11     | Gained mutation: You occasionally shout uncontrollably at
                  | your foes. [potion of mutation]
  9016 | D:11     | Gained mutation: You are weak. (Str -2) [potion of
                  | mutation]
  9016 | D:11     | Gained mutation: You are agile. (Dex +4, Str/Int -1)
                  | [potion of mutation]
  9017 | D:11     | Lost mutation: You are weak. (Str -2) [potion of mutation]
  9017 | D:11     | Lost mutation: You occasionally shout uncontrollably at
                  | your foes. [potion of mutation]
  9017 | D:11     | Gained mutation: Your muscles are strong. (Str +4, Int/Dex
                  | -1) [potion of mutation]
  9017 | D:11     | Gained mutation: You have hidden genetic defects. [potion
                  | of mutation]
  9018 | D:11     | Lost mutation: You are agile. (Dex +4, Str/Int -1) [potion
                  | of mutation]
  9018 | D:11     | Lost mutation: You have hidden genetic defects. [potion of
                  | mutation]
  9018 | D:11     | Lost mutation: Your muscles are strong. (Str +4, Int/Dex
                  | -1) [potion of mutation]
  9018 | D:11     | Gained mutation: You are robust. (+10% HP) [potion of
                  | mutation]
  9018 | D:11     | Gained mutation: You possess an exceptional clarity of
                  | mind. [potion of mutation]
  9070 | D:11     | Found an opulent altar of Gozag.
  9460 | D:12     | Noticed Frances
  9472 | D:12     | Noticed a deep elf pyromancer
  9482 | D:11     | Killed a deep elf pyromancer
  9483 | D:11     | Reached skill level 11 in Axes
  9628 | D:12     | HP: 2/99 [Frances/iron shot (43)]
  9629 | D:12     | Killed from afar by Frances

Illustrated notes

Levels and vault maps discovered:
D:1:      lemuel_arrival_cross, layout_basic, basic_ecumenical_altar
D:2:      layout_loops_ring
D:3:      layout_basic, mainiacjoe_overflow_tiny_flanked
D:4:      layout_cave_pools
D:5:      layout_loops_ring, regret_index_kikubaaqudgha_part_by_part,
          serial_glass, glass_columns_a, glass_columns_a
D:6:      layout_gridville, nicolae_hepliaklqana_hippocampus,
          nicolae_overflow_crystal_walls, kennysheep_mini,
          nicolae_uskayaw_suspiria, minmay_temple_entry_poolview, serial_shops,
          shop
D:7:      layout_gridville, mainiacjoe_overflow_alcove_1, uniq_pikel
D:8:      layout_loops_ring, chequers_temple_overflow_statue_of_worship,
          mainiacjoe_overflow_catch_the_wave
D:9:      layout_roguey, serial_shops, shop_statue, minmay_tree_intersection,
          kennysheep_small_square
D:10:     layout_roguey, mainiacjoe_overflow_concentric_impassable,
          erik_lair_orcish_takeover, minmay_misc_feat_chi, minivault_25
D:11:     layout_irregular_city, david_orc_3, grunt_gozag_breadcrumbs
D:12:     layout_stronghold, uniq_rupert, uniq_azrael, uniq_frances, uniq_nessos

Skill      XL: |  1  2  3  4  5  6  7  8  9 10 11 |
---------------+----------------------------------+-----
Axes           | 2 3 4 6 8 9 10 11 | 11.0
Dodging        | 1 2 5 6 7 8 |  8.3
Fighting       | 4 7 8 9 |  9.8
Armour         | 5 6 |  6.7
Shields        | 5 |  5.7
Stealth        | 3 |  3.4

Action                     |  1- 3 |  4- 6 |  7- 9 | 10-12 || total
---------------------------+-------+-------+-------+-------++-------
  Melee: War axe           |   140 |    92 |   283 |   359 ||   874
         Kick              |     2 |    17 |    96 |   112 ||   227
 Invoke: Potion Petition   |       |       |       |     3 ||     3
  Evoke: Wand              |       |       |       |     2 ||     2
    Use: Potion            |     6 |     1 |     2 |     8 ||    17
         Scroll            |       |     2 |     6 |     9 ||    17
   Stab: Distracted        |       |       |     1 |     2 ||     3
 Armour: Scale mail        |   154 |    83 |   123 |    54 ||   414
         Plate armour      |       |       |       |   240 ||   240
  Dodge: Dodged            |    67 |    42 |   140 |   122 ||   371
  Block: Buckler           |    39 |    27 |   139 |   188 ||   393
         Reflection        |       |       |     4 |    12 ||    16

Table legend: (Time is in decaauts)
 A = Elapsed time spent in this place.
 B = Non-inter-level travel time spent in this place.
 C = Inter-level travel time spent in this place.
 D = Time resting spent in this place.
 E = Time spent auto-exploring this place.
 F = Levels seen in this place.
 G = Mean time per level.
                   A        B        C        D        E       F      G
               +--------+--------+--------+--------+--------+-----+--------+
         Total |   9734 |   9457 |    277 |    113 |   7563 |  12 |  811.2 |
       Dungeon |   9734 |   9457 |    277 |    113 |   7563 |  12 |  811.2 |
               +--------+--------+--------+--------+--------+-----+--------+

Top non-repeatable levels by time:
    D:10: 1221 daAuts
    D:11: 1036 daAuts
     D:7: 999 daAuts
     D:6: 954 daAuts
     D:3: 936 daAuts
     D:5: 920 daAuts
     D:8: 843 daAuts
     D:9: 822 daAuts
     D:2: 773 daAuts
     D:1: 700 daAuts
     D:4: 487 daAuts
    D:12: 37 daAuts
